 Dungeon Crawl Stone Soup version 0.20-a0-433-g9e36e56 (webtiles) character file.

1719 Kriby the Magician (level 8, 0/52 HPs)
             Began as a Mummy Fire Elementalist on Jan 4, 2017.
             Was an Initiate of Ashenzari.
             Shot with a sling bullet by Joseph (2 damage)
             ... on level 7 of the Dungeon.
             The game lasted 00:16:15 (8868 turns).

Kriby the Magician (Mummy Fire Elementalist)        Turns: 8868, Time: 00:16:16

Health: 0/52       AC:  4    Str: 11    XL:     8   Next: 75%
Magic:  3/19       EV: 12    Int: 16    God:    Ashenzari [......]
Gold:   346        SH:  0    Dex: 16    Spells: 11/21 levels left

rFire  x . .     SeeInvis .     v - staff of conjuration (curse)
rCold  + . .     Gourm    .     a - +0 robe
rNeg   + + +     Faith    .     (no shield)
rPois  ∞         Spirit   .     (no helmet)
rElec  .         Reflect  .     p - +0 cloak
rCorr  +         Harm     .     (no gloves)
MR     +....                    r - +0 pair of boots
Stlth  ++........               s - amulet of magic regeneration (curse)
                                e - ring of resist corrosion (curse)
                                t - +3 ring of dexterity (curse)

@: very slightly contaminated
A: no food or potions, fire vulnerability, cold resistance 1, negative energy
resistance 3, torment resistance, unbreathing
a: Curse Item, Renounce Religion


You were on level 7 of the Dungeon.
You worshipped Ashenzari.
Ashenzari was noncommittal.
You were not hungry.

You visited 2 branches of the dungeon, and saw 8 of its levels.
You also visited: Sewer.

You collected 346 gold pieces.

Inventory:

Hand Weapons
 l - a +0 rapier
Missiles
 d - 9 javelins (quivered)
Armour
 a - a +0 robe (worn)
 p - a +0 cloak (worn)
 r - a +0 pair of boots (worn)
Magical Staves
 v - a cursed staff of conjuration (weapon)
Jewellery
 e - a cursed ring of resist corrosion (right hand)
 s - a cursed amulet of magic regeneration (around neck)
 t - a cursed +3 ring of dexterity (left hand)
Wands
 w - a wand of lightning (5/15)
Scrolls
 c - a scroll of remove curse
 f - 2 scrolls of immolation {unknown}
 g - 2 scrolls of teleportation {unknown}
 h - 3 scrolls of fog {unknown}
 i - 2 scrolls of identify {unknown}
 j - 2 scrolls of enchant weapon {unknown}
 k - 2 scrolls of fear {unknown}
 m - 2 scrolls of enchant armour {unknown}
 n - a scroll of random uselessness {unknown}
 o - a scroll of noise {unknown}
 q - a scroll of magic mapping {unknown}
 u - a scroll of holy word {unknown}
Books
 b - a book of Flames

   Spells                             Type                      Level
   a - Flame Tongue                   Conjuration/Fire             1
   b - Throw Flame                    Conjuration/Fire             2
   c - Conjure Flame                  Conjuration/Fire             3
   d - Inner Flame                    Hexes/Fire                   3
   e - Sticky Flame                   Conjuration/Fire             4
   f - Fireball                       Conjuration/Fire             5


   Skills:
 - Level 1.5 Dodging
 - Level 1.5 Stealth
 + Level 7.3 Spellcasting
 * Level 6.7 Conjurations
 + Level 5.1 Fire Magic


You had 11 spell levels left.
You knew the following spells:

 Your Spells              Type           Power        Failure   Level  Hunger
a - Flame Tongue          Conj/Fire      #####        1%          1    N/A
b - Conjure Flame         Conj/Fire      #####...     3%          3    N/A
c - Sticky Flame          Conj/Fire      #####...     12%         4    N/A
d - Throw Flame           Conj/Fire      #####.       1%          2    N/A

Dungeon Overview and Level Annotations

Branches:
Dungeon (7/15)             Temple (1/1) D:6

Altars:
Ashenzari
Cheibriados
Dithmenos
Elyvilon
Fedhas
Gozag
Hepliaklqana
Kikubaaqudgha
Makhleb
Nemelex Xobeh
Okawaru
Qazlal
Ru
Sif Muna
Trog
Uskayaw
Vehumet
Xom
Zin
The Shining One

Annotations:
D:7 Joseph


Innate Abilities, Weirdness & Mutations

You do not eat or drink.
Your flesh is vulnerable to fire.
You are immune to poison.
Your flesh is cold resistant. (rC+)
You are immune to negative energy. (rN+++)
You are immune to unholy pain and torment.
You can survive without breathing.


Message History

Confirm with . or Enter, or press ? or * to list all spells.
Aiming: Flame Tongue
Press: ? - help, Shift-Dir - straight line, f/p - Joseph
Aim: Joseph, wielding a hunting sling of freezing, wearing a ring mail, quivering 24 sling bullets and carrying an uncursed quarterstaff (almost dead)
You feel a surge of power!
The flame tongue hits Joseph.
Joseph appears unharmed.
Joseph is almost dead.
Joseph shoots a sling bullet.
The sling bullet hits you. The sling bullet freezes you.
Casting: Flame Tongue
Confirm with . or Enter, or press ? or * to list all spells.
Aiming: Flame Tongue
Press: ? - help, Shift-Dir - straight line, f/p - Joseph
Aim: Joseph, wielding a hunting sling of freezing, wearing a ring mail, quivering 23 sling bullets and carrying an uncursed quarterstaff (almost dead)
You feel a surge of power!
The flame tongue hits Joseph.
Joseph is almost dead.
Joseph shoots a sling bullet.
The sling bullet hits you!!
* * * LOW HITPOINT WARNING * * *
The sling bullet freezes you.
You die... ########## #<@§@§.... ##########

You could see Joseph.

Vanquished Creatures
  The ghost of Oki the Covert, a novice OpAs (D:3)
  An ice beast (D:5)
  Purgy (Sewer)
  An ogre (D:5)
  3 bullfrogs
  A gnoll sergeant (D:6)
  3 scorpions (D:6)
  A hound (D:6)
  A bullfrog skeleton (D:4)
  3 orc priests
  An orc wizard (D:5)
  4 worker ants
  An iguana (D:6)
  2 hound skeletons
  6 gnolls
  14 adders
  A shadow imp (D:5)
  3 worms
  2 dart slugs
  9 leopard geckos
  14 orcs
  17 bats
  5 giant cockroaches
  5 goblins
  11 hobgoblins
  6 jackals
  4 quokkas
  10 ball pythons
  5 frilled lizards
  A jackal skeleton (D:4)
  14 kobolds
  21 rats
172 creatures vanquished.

Vanquished Creatures (others)
  5 fungi (D:6)
  A plant (D:2)
6 creatures vanquished.

Grand Total: 178 creatures vanquished

Notes
Turn   | Place    | Note
-------+----------+-------------------------------------------
     0 | D:1      | Kriby the Mummy Fire Elementalist began the quest for the Orb.
     0 | D:1      | Reached XP level 1. HP: 13/13 MP: 4/4
   364 | D:1      | Reached skill level 1 in Conjurations
   560 | D:1      | Reached skill level 3 in Spellcasting
   587 | D:1      | Reached XP level 2. HP: 19/19 MP: 4/6
  1444 | D:1      | Reached XP level 3. HP: 24/24 MP: 5/7
  2422 | D:2      | Reached XP level 4. HP: 26/30 MP: 5/9
  2891 | D:2      | Reached skill level 4 in Spellcasting
  3484 | D:3      | Found a sparkling altar of Nemelex Xobeh.
  3543 | D:3      | Reached XP level 5. HP: 35/35 MP: 5/11
  3573 | D:3      | Noticed Oki's ghost (novice OpAs)
  3584 | D:3      | Learned a level 3 spell: Conjure Flame
  3970 | D:3      | Killed Oki's ghost
  3970 | D:3      | Reached skill level 5 in Spellcasting
  3970 | D:3      | Reached XP level 6. HP: 24/41 MP: 2/13
  3970 | D:3      | Reached XP level 7. HP: 27/46 MP: 2/14
  4843 | D:4      | Learned a level 4 spell: Sticky Flame
  4846 | D:4      | Learned a level 2 spell: Throw Flame
  5195 | D:4      | Reached skill level 5 in Conjurations
  5296 | D:5      | Entered Level 5 of the Dungeon
  5431 | D:5      | Reached skill level 6 in Spellcasting
  6498 | D:5      | Found a shimmering altar of Xom.
  6499 | D:5      | Got an ancient buckler
  6515 | D:4      | Identified the +1 buckler "Roaroad" {-Cast rC+ Str+8} (You found it on level 5 of the Dungeon)
  6686 | D:5      | Reached XP level 8. HP: 50/52 MP: 12/17
  7382 | D:6      | Found a staircase to the Ecumenical Temple.
  7412 | Temple   | Entered the Ecumenical Temple
  7476 | Temple   | Became a worshipper of Ashenzari the Shackled
  7575 | D:6      | Found a hazy altar of Hepliaklqana.
  7580 | D:6      | Found a glowing drain.
  7593 | Sewer    | Entered a sewer
  7623 | Sewer    | Noticed Purgy
  7633 | Sewer    | Killed Purgy
  8148 | D:6      | Reached skill level 7 in Spellcasting
  8294 | D:6      | Reached skill level 5 in Fire Magic
  8851 | D:7      | Noticed Joseph
  8868 | D:7      | HP: 2/52 [Joseph/sling bullet (22)]
  8868 | D:7      | Shot with a sling bullet by Joseph

Vault maps used:
D:1:      dpeg_arrival_ratfight
D:2:      serial_corexii_hall, corexii_hall_statues_s, corexii_hall_statues_i,
          lexackson_kobold_supper
D:3:      nemelex_lonely_heart_becter
D:4:      first_bread, minmay_snake_closets
D:5:      xom_teletrap_fun
D:6:      old_forge, portal_sewer_entry_b, basic_altar
D:7:      uniq_crazy_yiuf_cottage, uniq_joseph
Temple:   compressed_dpeg_triangle_lava_temple
Sewer:    sewer_big_baddie

Skill      XL: |  1  2  3  4  5  6  7  8 |
---------------+-------------------------+-----
Conjurations   | 1 2 4 5 6 |  6.7
Spellcasting   | 3 4 5 6 7 |  7.3
Fire Magic     | 3 4 5 |  5.1
Dodging        | |  1.5
Stealth        | |  1.5

Action                   |  1- 3 |  4- 6 |  7- 9 || total
-------------------------+-------+-------+-------++-------
Melee: Dagger            |    21 |       |       ||    21
       Rapier            |     6 |     8 |    73 ||    87
       Staff             |       |       |     4 ||     4
Throw: Javelin           |     2 |       |       ||     2
 Cast: Flame Tongue      |    85 |    76 |   220 ||   381
       Conjure Flame     |       |     2 |     9 ||    11
       Sticky Flame      |       |       |     5 ||     5
       Throw Flame       |       |       |     1 ||     1
Invok: Curse Item        |       |       |     4 ||     4
Armor: Robe              |    13 |    20 |    29 ||    62
Dodge: Dodged            |    42 |    50 |   107 ||   199
